 Dungeon Crawl Stone Soup version 0.31.0 (webtiles) character file.

Game seed: 12749757918563914363

302 qw the Shooter (level 6, -1/38 HPs)
             Began as a Gargoyle Hunter on Jan 20, 2024.
             Was an Initiate of Okawaru.
             Slain by an orc wizard
             ... wielding a +1 dagger of venom
              (3 damage)
             ... on level 4 of the Dungeon.
             The game lasted 00:00:12 (3156 turns).

qw the Shooter (Gargoyle Hunter)                    Turns: 3156, Time: 00:00:13

Health: -1/38      AC: 11    Str: 14    XL:     6   Next: 37%
Magic:  6/6        EV: 10    Int: 10    God:    Okawaru [......]
Gold:   184        SH:  0    Dex: 15    Spells: 5/5 levels left

rFire   . . .        a - +0 shortbow
rCold   . . .        (shield currently unavailable)
rNeg    + . .        g - +0 ring mail
rPois   inf          h - +0 helmet
rElec   +            (no cloak)
rCorr   .            c - +0 pair of gloves
SInv    .            (no boots)
Will    .....        (no amulet)
Stlth   +            (no ring)
HPRegen 0.26/turn    (no ring)
MPRegen 0.10/turn

%: no passive effects
@: invisible
A: sickness immunity, AC +4, negative energy resistance 1, electricity
resistance, torment resistance 1, petrification resistance
a: Renounce Religion


You were on level 4 of the Dungeon.
You worshipped Okawaru.
Okawaru was noncommittal.
You visited 2 branches of the dungeon, and saw 5 of its levels.

You collected 212 gold pieces.
You spent 28 gold pieces at shops.


Innate Abilities, Weirdness & Mutations

You are immune to sickness and miasma.
Your stone body is resilient. (AC +4)
You are immune to poison.
You resist negative energy. (rN+)
You are resistant to electric shocks. (rElec)
You are resistant to unholy torment.
You are immune to petrification.


   Skills:
 - Level 4.0 Fighting
 + Level 6.6 Ranged Weapons
 - Level 1.0 Armour
 - Level 1.5 Dodging
 - Level 1.1 Stealth


You had 5 spell levels left.
You didn't know any spells.
Your spell library was empty.

Inventory:

Hand Weapons
 a - a +0 shortbow (weapon)
Armour
 c - a +0 pair of gloves (worn)
 f - the +4 leather armour of the Enchanted Forest {Harm ^Drain rF++ rCorr}
   (You found it on level 2 of the Dungeon)

   rF++:      It greatly protects you from fire.
   rCorr:     It protects you from acid and corrosion.
   ^Drain:    It drains your maximum health when unequipped.
   Harm:      It increases damage dealt and taken.
 g - a +0 ring mail (worn)
 h - a +0 helmet (worn)
Wands
 k - a wand of flame (25)
Scrolls
 l - a scroll of vulnerability {unknown}
 m - a scroll of enchant armour {unknown}
Potions
 b - a potion of haste
 i - a potion of might {unknown}
 j - a potion of heal wounds {unknown}
 n - a potion of cancellation {unknown}
 o - a potion of attraction {unknown}

Dungeon Overview and Level Annotations

Branches:
Dungeon (4/15)             Temple (1/1) D:4

Altars:
Dithmenos
Elyvilon
Fedhas
Kikubaaqudgha
Makhleb
Nemelex Xobeh
Okawaru
Qazlal
Ru
Sif Muna
Trog
Vehumet
Wu Jian
Yredelemnul
The Shining One

Shops:
D:1 *   D:4 [:(


Message History

The orc wizard hits you but does no damage.
The orc priest completely misses you. The orc wizard barely misses you.
The orc priest hits you with a +0 hand axe.
You shoot an arrow.
The arrow closely misses the orc priest.
The orc wizard closely misses you.
The orc priest hits you but does no damage.
You shoot an arrow.
The arrow hits the orc priest but does no damage.
The orc priest is almost dead.
The orc wizard closely misses you.
The orc priest invokes the aid of Beogh against you.
Pain shoots through your body!
You shoot an arrow.
The arrow hits the orc priest but does no damage.
The orc priest is almost dead.
The orc wizard hits you with a +1 dagger of venom.
The orc priest hits you with a +0 hand axe.
You shoot an arrow.
The arrow closely misses the orc priest.
The orc wizard barely misses you.
The orc priest hits you but does no damage.
You shoot an arrow.
The arrow hits the orc priest but does no damage.
The orc priest is almost dead.
The orc wizard hits you with a +1 dagger of venom.
The orc priest invokes the aid of Beogh against you.
The orc writhes in agony!
The orc dies!
The orc priest barely misses you.
You shoot an arrow.
The arrow closely misses the orc priest.
The orc wizard hits you with a +1 dagger of venom.
The orc priest miscasts a cantrip.
The orc priest calls down the wrath of Beogh upon you.
Pain shoots through your body!
The orc priest invokes the aid of Beogh against you.
Beogh smites you!
The orc wizard hits you with a +1 dagger of venom.
You die...

#######..##.# ##
#....##...#.# #
#.##.##.#.#.# #
#.#.....#.#.######
#.#..####.#.......
#.#..# #.......##
#.#..# ##......##
#.#..# #...|..##
#@#..# #.......#
#.oo)oo####
##.....8>8
########
#.........
#.........
#.........
#\........
#.........
#.........
#.........


You could see 2 orc priests, an orc wizard (unable to see you) and an orc
(unable to see you).

Vanquished Creatures
  A phantom (D:4)
  A scorpion (D:4)
  A jelly (D:4)
  5 adders
  3 dart slugs
  A ribbon worm (D:4)
  7 orcs
  8 endoplasms
  2 giant cockroaches
  14 hobgoblins
  3 jackals (D:2)
  4 kobolds
  2 quokkas
  8 ball pythons
  6 bats
  A frilled lizard (D:2)
  7 goblins
  5 rats
79 creatures vanquished.

Vanquished Creatures (others)
  An orc (D:4)
1 creature vanquished.

Grand Total: 80 creatures vanquished

Notes
Turn   | Place    | Note
-------+----------+-------------------------------------------
     0 | D:1      | qw the Gargoyle Hunter began the quest for the Orb.
     0 | D:1      | Reached XP level 1. HP: 12/12 MP: 1/1
     0 | D:1      | 0 ||| qw: Version: 0.3-a-132-g3d54051
     0 | D:1      | 0 ||| qw: Game counter: 522
     0 | D:1      | 0 ||| qw: Melee chars always use a shield: true
     0 | D:1      | 0 ||| qw: God list: Okawaru
     0 | D:1      | 0 ||| qw: Allow faded altars: false
     0 | D:1      | 0 ||| qw: Do Orc after clearing Dungeon:15 true
     0 | D:1      | 0 ||| qw: Do second Lair branch before Depths: true
     0 | D:1      | 0 ||| qw: Lair rune preference: random
     0 | D:1      | 0 ||| qw: Goals: Normal
     0 | D:1      | 0 ||| PLANNING D:1-11
   128 | D:1      | Reached XP level 2. HP: 14/17 MP: 2/2
   426 | D:1      | Found Hoigrivav's General Store.
   439 | D:1      | 439 ||| SHOPLISTING +3 arbalest "Hots" {antimagic, rC+}
                  | (425 gold, have 28).
   439 | D:1      | 439 ||| SHOPLISTING +6 ring of dexterity (360 gold, have
                  | 28).
   439 | D:1      | 439 ||| SHOPLISTING potion of might (40 gold, have 28).
   439 | D:1      | 439 ||| BUYING wand of flame (4) (28 gold).
   439 | D:1      | Bought a wand of flame (4) for 28 gold pieces
   482 | D:1      | Reached XP level 3. HP: 21/21 MP: 3/3
   596 | D:1      | 596 ||| DROPPING +0 leather armour of poison resistance.
   597 | D:1      | 597 ||| DROPPING amulet of magic regeneration.
   598 | D:1      | 598 ||| READING scroll labelled WYPPIM NASAAXY.
   598 | D:1      | 598 ||| IDENTIFYING sedimented orange potion
   599 | D:1      | 599 ||| READING scroll labelled SOOPRU PYMOZ.
   600 | D:1      | 600 ||| DROPPING scroll of butterflies.
   601 | D:1      | 601 ||| DROPPING potion of lignification.
   641 | D:2      | Reached skill level 5 in Ranged Weapons
   756 | D:2      | 756 ||| FLEEEEING.
   830 | D:2      | Reached skill level 3 in Fighting
  1047 | D:2      | Identified the +4 leather armour of the Enchanted Forest
                  | {Harm ^Drain rF++ rCorr}
  1342 | D:2      | Reached XP level 4. HP: 28/28 MP: 4/4
  1550 | D:2      | 1550 ||| UPGRADING to +0 ring mail.
  1560 | D:2      | 1560 ||| DROPPING +0 leather armour.
  1561 | D:2      | 1561 ||| READING scroll of identify.
  1561 | D:2      | 1561 ||| IDENTIFYING fizzy golden potion
  1620 | D:3      | Identified the +6 chain mail "Wemuly" {Int-3 Dex+6}
  1699 | D:3      | Reached skill level 1 in Armour
  1775 | D:3      | 1775 ||| FLEEEEING.
  2540 | D:3      | 2540 ||| UPGRADING to +0 pair of gloves.
  2545 | D:3      | 2545 ||| READING scroll labelled VYNLIH PAUCWA.
  2578 | D:4      | Reached XP level 5. HP: 32/32 MP: 5/5
  2595 | D:4      | Found Myzudin's Antique Weapon Boutique.
  2632 | D:4      | Found an ornate altar of the Wu Jian Council.
  2650 | D:4      | HP: 6/32 [scorpion (4)]
  2653 | D:4      | HP: 1/32 [scorpion (3)]
  2656 | D:4      | Reached skill level 6 in Ranged Weapons
  2656 | D:4      | 2656 ||| FLEEEEING.
  2865 | D:4      | Found a staircase to the Ecumenical Temple.
  2866 | D:4      | 2866 ||| PLANNING TEMPLE
  2866 | D:4      | 2866 ||| UPGRADING to +0 helmet.
  2875 | D:4      | Found Voblofi's Antique Armour Boutique.
  2880 | Temple   | Entered the Ecumenical Temple
  2881 | Temple   | 2881 ||| PLANNING OKAWARU WORSHIP
  2903 | Temple   | Became a worshipper of Warmaster Okawaru
  2904 | Temple   | 2904 ||| PLANNING D:1-11
  2981 | D:4      | Found Dunacko's Book Shop.
  3024 | D:4      | Reached XP level 6. HP: 38/38 MP: 6/6
  3077 | D:4      | 3077 ||| FLEEEEING.
  3140 | D:4      | 3140 ||| DRINKING dark potion.
  3141 | D:4      | 3141 ||| DRINKING grey potion.
  3156 | D:4      | HP: 2/38 [orc priest/divine providence (12)]
  3156 | D:4      | Slain by an orc wizard

Levels and vault maps discovered:
D:1:      dpeg_arrival_arbitrary_b, layout_basic, serial_shops,
          nicolae_shop_stone, minmay_pentomino_t2
D:2:      layout_loops_corners, minivault_24, serial_bayou_crossing
D:3:      minmay_recursive_quarters, layout_basic, st_stairs_5
D:4:      layout_basic, mainiacjoe_overflow_tiny_flanked, temple_statues,
          serial_shops, shop, shop, nicolae_shop_hallway_stairs, feat_on_display
Temple:   minmay_temple_curvy_branch

Skill      XL: |  1  2  3  4  5  6 |
---------------+-------------------+-----
Ranged Weapons | 5 6 |  6.6
Fighting       | 3 4 |  4.0
Armour         | 1 |  1.0
Dodging        | |  1.5
Stealth        | |  1.1

Action                     |  1- 3 |  4- 6 || total
---------------------------+-------+-------++-------
   Fire: Shortbow          |   107 |   174 ||   281
    Use: Scroll            |     2 |     2 ||     4
         Potion            |       |     2 ||     2
 Armour: Leather armour    |    23 |       ||    23
         Ring mail         |       |    71 ||    71
  Dodge: Dodged            |    19 |    59 ||    78

Table legend:
 A = Non-vault XP
 B = Vault XP
 C = Vault XP percentage of total XP
 D = Non-vault monster count
 E = Vault monster count
 F = Vault count percentage of total count
                 A         B        C        D         E       F
            +---------+---------+-------+---------+---------+-------
      Total |     402 |      30 |   6.9 |      69 |      10 |  12.7
            +---------+---------+-------+---------+---------+-------
        D:1 |      32 |       4 |  11.1 |      18 |       2 |  10.0
        D:2 |      49 |       0 |   0.0 |      19 |       0 |   0.0
        D:3 |      53 |      26 |  32.9 |      17 |       8 |  32.0
        D:4 |     268 |       0 |   0.0 |      15 |       0 |   0.0
            +---------+---------+-------+---------+---------+-------
